 Dungeon Crawl Stone Soup version 0.32-a0-818-gb728d0252e (webtiles) character file.

Game seed: 6182205328439946794

612 Alarak the Blocker (level 7, -7/56 HPs)
             Began as a Formicid Fighter on Mar 25, 2024.
             Mangled by an ogre
             ... wielding a +0 giant club
              (14 damage)
             ... on level 5 of the Dungeon.
             The game lasted 00:05:05 (3538 turns).

Alarak the Blocker (Formicid Fighter)               Turns: 3538, Time: 00:05:05

Health: -7/56      AC: 13    Str: 22    XL:     7   Next: 72%
Magic:  7/7        EV:  5    Int:  8    God:
Gold:   203        SH:  6    Dex: 13    Spells: 6/6 levels left

rFire   . . .        a - +0 war axe
rCold   . . .        c - +0 buckler
rNeg    . . .        g - +0 plate armour
rPois   .            (helmet unavailable)
rElec   .            (no cloak)
rCorr   .            (no gloves)
SInv    +            h - +0 pair of boots
Will    .....        (no amulet) Stlth
                     (no ring)
HPRegen 0.29/turn    (no ring)
MPRegen 0.10/turn

%: no passive effects
@: no status effects
A: permanent stasis, dig shafts and tunnels, antennae 3, four strong arms
a: Dig, Shaft Self


You were on level 5 of the Dungeon.
You visited 1 branch of the dungeon, and saw 5 of its levels.

You collected 203 gold pieces.

Inventory:

Hand Weapons
 a - a +0 war axe (weapon)
 p - a +2 orcbow of draining
Missiles
 i - 2 poisoned darts
Armour
 c - a +0 buckler (worn)
 g - a +0 plate armour (worn)
 h - a +0 pair of boots (worn)
Wands
 e - a wand of mindburst (7)
Potions
 b - a potion of enlightenment
 d - a potion of might
 k - 3 potions of mutation
 l - a potion of curing
 m - 2 potions of cancellation
 n - a potion of attraction
 o - a potion of degeneration {unknown}


   Skills:
 - Level 5.4 Fighting
 - Level 2.0 Axes
 + Level 4.9 Armour
 - Level 8.6 Shields


You had 6 spell levels left.
You didn't know any spells.
Your spell library contained the following spells:

 Spells                   Type           Power      Damage    Failure   Level
 Kiss of Death            Conj/Necr      0%         2d5       100%        1
 Necrotise                Necr           0%         1d4       100%        1
 Confusing Touch          Hex            0%         N/A       100%        3
 Vampiric Draining        Necr           0%         2d6       100%        3
 Dispel Undead            Necr           0%         3d6       100%        4
 Martyr's Knell           Necr/Summ      0%         N/A       100%        4
 Curse of Agony           Necr           0%         N/A       100%        5


Dungeon Overview and Level Annotations

Branches:
Dungeon (5/15)
 Temple: D:4-7

Altars:
Nemelex Xobeh
Ru
Vehumet

Shops:
D:2 ?   D:3 =   D:4 *


Innate Abilities, Weirdness & Mutations

You cannot be hasted, slowed, berserked, paralysed or teleported.
You can dig through walls and to a lower floor.
You have a pair of large antennae on your head. (SInv)
Your four strong arms can wield two-handed weapons with a shield.


Message History

The hound bites you but does no damage. x2
You miss the hound.
The hound is severely wounded.
The hound bites you but does no damage. x2
You hit the hound.
The hound is almost dead.
You block the hound's attack. The hound bites you but does no damage.
You slash the hound!
You kill the hound!
The ogre hits you with a +0 giant club!!
You see here a hound corpse.
You slash the ogre!
The ogre is moderately wounded.
The ogre hits you with a +0 giant club!!
* * * LOW HITPOINT WARNING * * *
You are too injured to fight recklessly!
You are too injured to fight recklessly!
You are too injured to fight recklessly!
You are too injured to fight recklessly!
You are too injured to fight recklessly!
You are too injured to fight recklessly!
You are too injured to fight recklessly!
You are too injured to fight recklessly!
You are too injured to fight recklessly!
You are too injured to fight recklessly!
You are too injured to fight recklessly!
You are too injured to fight recklessly!
You are too injured to fight recklessly!
You are too injured to fight recklessly!
You are too injured to fight recklessly!
You are too injured to fight recklessly!
You are too injured to fight recklessly!
You are too injured to fight recklessly!
You are too injured to fight recklessly!
You are too injured to fight recklessly!
Okay, then.
You hit the ogre.
The ogre is heavily wounded.
The ogre hits you with a +0 giant club!
You die...

≈.... #.# ..... ...
.....##.# ....#....
........## ....#....
.......O#####..
..#._.#@.......
........#########
....#.)/$.......##.#
........#######.##.#
....#.#.# #.##.#
..#.#.#.#######.##.#
. ..............##.#
.###...#######.##.#
..............#.#####


You could see an ogre.

Vanquished Creatures
  2 black bears
  A scorpion (D:4)
  2 hounds
  3 bombardier beetles (D:4)
  A jelly (D:4)
  2 iguanas (D:4)
  6 adders
  2 dart slugs
  A ribbon worm (D:4)
  2 orcs
  A bat (D:1)
  3 endoplasms
  3 giant cockroaches
  5 goblins
  7 hobgoblins
  6 jackals
  5 quokkas
  11 ball pythons
  3 frilled lizards
  5 kobolds
  5 rats
76 creatures vanquished.

Notes
Turn   | Place    | Note
-------+----------+-------------------------------------------
     0 | D:1      | Alarak the Formicid Fighter began the quest for the Orb.
     0 | D:1      | Reached XP level 1. HP: 18/18 MP: 1/1
   108 | D:1      | Reached XP level 2. HP: 23/25 MP: 2/2
   849 | D:2      | Reached XP level 3. HP: 31/31 MP: 3/3
   963 | D:2      | Identified the +1 robe of Compassion {Str+4}
  1020 | D:2      | Reached skill level 5 in Fighting
  1064 | D:2      | Reached XP level 4. HP: 27/39 MP: 4/4
  1210 | D:2      | Found Xuatuha's Magic Scroll Shoppe.
  1618 | D:3      | Found Jarr's Jewellery Shoppe.
  2343 | D:4      | Reached XP level 5. HP: 44/44 MP: 5/5
  2359 | D:4      | Reached skill level 5 in Shields
  2362 | D:4      | Reached skill level 6 in Shields
  2362 | D:4      | Reached XP level 6. HP: 50/51 MP: 6/6
  2467 | D:4      | HP: 2/51 [burnt (4)]
  2638 | D:4      | Reached skill level 7 in Shields
  2785 | D:4      | Noticed a black bear
  2796 | D:4      | Killed a black bear
  2797 | D:4      | Reached skill level 8 in Shields
  2797 | D:4      | Reached XP level 7. HP: 53/56 MP: 7/7
  2869 | D:4      | Found a sacrificial altar of Ru.
  2870 | D:4      | Found a sparkling altar of Nemelex Xobeh.
  2933 | D:4      | Found Izulaeck's CLEARANCE SALE!.
  3328 | D:5      | Entered Level 5 of the Dungeon
  3511 | D:5      | Found a radiant altar of Vehumet.
  3538 | D:5      | Mangled by an ogre

Illustrated notes

Levels and vault maps discovered:
D:1:      evilmike_arrival_rings, layout_basic
D:2:      layout_basic, serial_shops, nicolae_shop_just_a_little_nook,
          kennysheep_boxes
D:3:      layout_basic, nicolae_overflow_hidden_temple, serial_shops, shop
D:4:      layout_loops_ring, gammafunk_temple_overflow_pools,
          nicolae_shop_clearance
D:5:      layout_basic, vehumet_altar_wand_db, temple_pool_b,
          corexii_hall_statues_l, chequers_serial_rivers_micro_e, st_stairs_2,
          grunt_decor_fettered

Skill      XL: |  1  2  3  4  5  6  7 |
---------------+----------------------+-----
Fighting       | 4 5 |  5.4
Shields        | 6 8 |  8.6
Armour         | 4 |  4.9
Axes           | |  2.0

Action                     |  1- 3 |  4- 6 |  7- 9 || total
---------------------------+-------+-------+-------++-------
  Melee: War axe           |    74 |   128 |    45 ||   247
    Use: Scroll            |       |     7 |     6 ||    13
         Potion            |       |     1 |       ||     1
 Armour: Scale mail        |    64 |    21 |       ||    85
         Plate armour      |       |    87 |    75 ||   162
  Dodge: Dodged            |    31 |    42 |    14 ||    87
  Block: Buckler           |    23 |    42 |    16 ||    81

Table legend: (Time is in decaauts)
 A = Elapsed time spent in this place.
 B = Non-inter-level travel time spent in this place.
 C = Inter-level travel time spent in this place.
 D = Time resting spent in this place.
 E = Time spent auto-exploring this place.
 F = Levels seen in this place.
 G = Mean time per level.
                   A        B        C        D        E       F      G
               +--------+--------+--------+--------+--------+-----+--------+
         Total |   3643 |   3533 |    110 |    289 |   2591 |   5 |  728.6 |
       Dungeon |   3643 |   3533 |    110 |    289 |   2591 |   5 |  728.6 |
               +--------+--------+--------+--------+--------+-----+--------+

Top non-repeatable levels by time:
     D:2: 940 daAuts
     D:3: 915 daAuts
     D:4: 865 daAuts
     D:1: 698 daAuts
     D:5: 222 daAuts
